Map: Deathaura LE

Players

LiquidClem (Clem)

  • Race: Terran Terran
  • League: Grandmaster
  • Spawn Location: 5:00

GunGFuBanDa - Winner!

  • Race: Protoss Protoss
  • League: Grandmaster
  • Spawn Location: 11:00

Event: DreamHack SC2 Masters 2020 Winter

VOD

https://youtu.be/K2DZw_tZgNc

Description

Time

  • Played on: Nov. 1, 2020, 11:09 a.m.
  • Length: 16:09

All games in this series

Show
View Real Time Build Order
Export as new Build Order

LiquidClem Terran 

Build Orders:  

Get SALT Encoding   

  12  0:00  SCV  
  13  0:12  SCV  
  14  0:16  Supply Depot  
  14  0:24  SCV  
  14  0:27  Refinery  
  15  0:38  SCV  
  16  0:45  Barracks  
  16  0:50  SCV  
  17  1:02  SCV  
  18  1:12  Engineering Bay  
  18  1:14  SCV  
  19  1:32  Marine  
  20  1:33  Orbital Command  
  20  1:39  Factory  
  20  1:51  Supply Depot, Barracks Reactor  
  20  1:58  SCV  
  21  2:10  SCV  
  21  2:23  SCV  
  21  2:27  Command Center  
  22  2:33  Barracks  
  22  2:35  Barracks Tech Lab  
  23  2:37  SCV  
  23  2:41  Hellion  
  25  2:46  Hellion  
  25  2:49  SCV  
  28  2:53  Supply Depot  
  28  2:55  Marine  
  29  3:00  Refinery  
  29  3:02  SCV  
  30  3:08  Stimpack  
  30  3:14  SCV, Marine  
  32  3:22  Starport  
  32  3:27  SCV, Marine  
  33  3:29  Marine  
  33  3:31  Factory Tech Lab  
  35  3:34  Marine  
  36  3:41  Orbital Command  
  36  3:44  SCV  
  36  3:46  Marine  
  38  3:56  Marine, SCV  
  38  3:57  Marine  
  41  4:03  Factory Tech Lab  
  41  4:06  Raven, SCV  
  41  4:08  SCV  
  45  4:11  Supply Depot  
  45  4:14  Marine  
  45  4:16  Marine  
  47  4:19  SCV, Marauder  
  51  4:24  SCV  
  51  4:27  Barracks  
  51  4:32  SCV  
  51  4:34  Marine  
  51  4:36  SCV  
  49  4:41  Marauder  
  49  4:44  SCV  
  49  4:48  SCV  
  49  4:52  Marine  
  46  4:56  SCV  
  42  5:00  SCV, Marine  
  42  5:02  Marauder, Siege Tank  
  49  5:09  Marine  
  50  5:17  Marauder  
  50  5:18  SCV, Marine  
  50  5:20  SCV  
  50  5:26  Marauder  
  49  5:28  Marine  
  49  5:31  SCV  
  49  5:33  SCV  
  51  5:39  Marine  
  51  5:40  Marauder  
  52  5:44  Siege Tank  
  52  5:45  SCV  
  56  5:55  Marine  
  56  5:56  Marauder  
  54  5:57  SCV  
  54  6:00  SCV  
  54  6:03  Marine x2  
  57  6:09  Engineering Bay  
  57  6:10  SCV  
  58  6:13  Combat Shield  
  58  6:20  Marauder  
  58  6:21  SCV  
  58  6:22  SCV, Starport Reactor  
  58  6:24  Refinery  
  62  6:32  Supply Depot  
  62  6:35  Terran Infantry Weapons Level 1  
  62  6:43  Supply Depot  
  62  6:46  Marine  
  62  6:47  SCV  
  62  6:48  SCV, Marine  
  62  6:51  Marauder  
  62  6:52  Marauder  
  60  6:54  Siege Tank  
  60  6:58  Supply Depot  
  60  6:59  SCV  
  64  7:01  Bunker  
  64  7:04  Marine  
  64  7:06  Marine  
  62  7:12  SCV, Marauder  
  62  7:13  Bunker  
  62  7:14  Medivac x2  
  68  7:16  SCV  
  68  7:18  Marauder  
  68  7:20  Supply Depot  
  68  7:22  Marine  
  72  7:24  Marine, SCV  
  74  7:31  SCV  
  74  7:34  Marauder  
  74  7:36  SCV  
  75  7:39  Marauder  
  75  7:40  Marine  
  75  7:42  Marine  
  75  7:43  SCV  
  67  7:48  SCV  
  67  7:51  Siege Tank  
  68  7:55  Marauder, SCV  
  68  7:58  Marine  
  72  8:00  Marine  
  72  8:01  Marauder, SCV  
  76  8:07  SCV  
  69  8:13  SCV  
  69  8:16  Marauder  
  69  8:19  Marine x2, SCV  
  69  8:22  Marauder  
  69  8:25  SCV  
  72  8:27  Siege Tank  
  72  8:30  Supply Depot  
  72  8:31  SCV  
  72  8:33  Refinery  
  76  8:36  Medivac  
  76  8:38  Marauder  
  77  8:45  Marauder, SCV  
  80  8:52  Command Center  
  80  8:53  SCV  
  80  8:54  Marine  
  80  8:58  Medivac, Marine  
  80  8:59  Marauder  
  80  9:00  Concussive Shells  
  82  9:06  Marauder  
  77  9:15  Marine  
  77  9:16  Marine  
  71  9:17  SCV x2  
  71  9:19  Siege Tank  
  71  9:21  Marauder  
  76  9:29  Barracks  
  76  9:31  Marauder, Barracks  
  78  9:36  Terran Infantry Armor Level 1  
  78  9:37  Marine x2  
  80  9:42  Marauder  
  80  9:43  Viking  
  84  9:46  SCV x2  
  89  9:52  Siege Tank  
  89  9:55  Marine x2, Marauder  
  89  9:58  SCV  
  94  10:05  Marine  
  93  10:08  SCV  
  93  10:13  Marine  
  89  10:15  SCV  
  89  10:17  Marauder  
  85  10:21  SCV  
  85  10:23  Marauder  
  85  10:27  SCV  
  87  10:33  SCV  
  85  10:37  Barracks Tech Lab, Marine x2  
  85  10:38  Marauder, Siege Tank  
  85  10:41  Barracks Tech Lab  
  92  10:43  SCV  
  92  10:44  Marauder  
  92  10:46  Supply Depot  
  92  10:48  Orbital Command  
  96  10:50  SCV  
  96  10:54  Marine  
  96  10:55  Marine, Supply Depot  
  100  10:57  Marauder  
  100  11:00  Marauder  
  100  11:03  Marauder  
  104  11:04  SCV  
  104  11:05  SCV  
  104  11:08  Marauder  
  108  11:14  Siege Tank  
  108  11:15  SCV  
  108  11:16  SCV  
  108  11:17  SCV  
  114  11:23  Supply Depot  
  114  11:24  Marauder  
  114  11:25  Marauder  
  115  11:28  SCV x2, Marine x2  
  115  11:29  Marine  
  115  11:31  Marauder  
  116  11:36  SCV  
  115  11:46  Marauder, Siege Tank, Medivac  
  115  11:47  Marauder  
  111  11:48  Marine x2  
  111  11:49  SCV x2  
  111  11:51  Marauder  
  111  11:52  Medivac  
  113  11:57  Marauder  
  107  12:03  Refinery  
  107  12:07  Marauder, Refinery, Ghost Academy  
  109  12:10  Marine  
  109  12:13  Marine  
  109  12:14  Marauder  
  113  12:19  Marauder x2  
  117  12:28  Marauder  
  119  12:31  Command Center  
  119  12:37  SCV  
  119  12:40  Ghost  
  119  12:41  Ghost  
  123  12:44  Ghost  
  123  12:48  Siege Tank  
  128  12:53  Marine x2  
  128  12:57  Supply Depot  
  128  12:58  Medivac  
  132  13:00  Medivac  
  132  13:03  Supply Depot  
  132  13:04  Marauder  
  133  13:08  SCV x2  
  133  13:09  SCV  
  133  13:11  Marine x2  
  135  13:13  Marauder  
  128  13:21  Ghost  
  128  13:23  Marine  
  128  13:25  Marauder  
  116  13:28  SCV  
  116  13:34  Marine x2, Marauder  
  105  13:35  SCV  
  98  13:42  Marauder  
  98  13:46  Marauder  
  98  13:47  SCV  
  84  13:50  Marauder  
  84  13:51  Marine  
  84  13:53  Viking  
  84  13:54  Siege Tank  
  90  13:56  Marauder  
  90  13:58  Viking  
  92  14:02  Marine  
  92  14:03  Marauder  
  92  14:05  SCV x2  
  92  14:06  SCV  
  98  14:10  Ghost  
  98  14:13  Orbital Command  
  98  14:16  Marine  
  101  14:19  Ghost  
  101  14:22  Marine  
  104  14:26  Ghost  
  104  14:30  Siege Tank  
  109  14:33  Orbital Command  
  109  14:35  SCV x3  
  112  14:42  Marine  
  112  14:43  Marine  
  112  14:44  Marauder  
  112  14:45  Marauder  
  118  14:47  SCV  
  118  14:51  Ghost  
  121  14:55  SCV  
  116  15:03  SCV x2  
  116  15:05  Marauder  
  117  15:09  Marine  
  117  15:10  Marine  
  117  15:13  Marauder  
  110  15:14  Marine  
  110  15:19  Marine  
  93  15:23  SCV  
  93  15:26  Marine  
  93  15:27  Marine x2  
  91  15:29  SCV  
  91  15:33  Marauder, Marine  
  88  15:38  Marauder  
  93  15:44  Marauder  
  99  15:53  Missile Turret  
Show
View Real Time Build Order
Export as new Build Order

GunGFuBanDa Protoss - Winner!

Build Orders:  

Get SALT Encoding   

  12  0:00  Probe  
  13  0:12  Probe  
  14  0:17  Pylon  
  14  0:24  Probe (Chrono Boost)  
  16  0:37  Gateway, Probe (Chrono Boost)  
  16  0:42  Probe (Chrono Boost)  
  16  0:45  Assimilator  
  17  0:52  Probe  
  19  1:04  Probe  
  19  1:16  Probe  
  20  1:28  Cybernetics Core, Probe  
  20  1:38  Pylon  
  20  1:40  Probe  
  21  1:52  Probe  
  22  2:02  Adept (Chrono Boost)  
  22  2:04  Warp Gate (Chrono Boost)  
  22  2:07  Probe  
  25  2:10  Assimilator  
  25  2:14  Nexus  
  25  2:25  Stalker  
  25  2:28  Probe  
  28  2:37  Gateway  
  28  2:41  Probe  
  29  2:46  Pylon  
  29  2:56  Stalker  
  31  3:04  Probe  
  32  3:06  Gateway  
  32  3:16  Shield Battery, Probe (Chrono Boost)  
  35  3:28  Probe (Chrono Boost)  
  35  3:32  Probe (Chrono Boost)  
  35  3:34  Probe (Chrono Boost)  
  35  3:38  Probe  
  37  3:42  Probe  
  38  3:50  Probe  
  38  3:51  Stalker  
  38  3:52  Stalker  
  43  3:59  Probe  
  43  4:01  Twilight Council  
  43  4:02  Stalker  
  46  4:05  Probe  
  46  4:06  Pylon  
  47  4:16  Stalker x2  
  51  4:18  Probe  
  51  4:20  Probe  
  53  4:29  Robotics Facility  
  53  4:31  Probe  
  54  4:43  Stalker x3  
  54  4:45  Probe  
  61  4:48  Probe  
  62  4:54  Blink (Chrono Boost)  
  62  4:58  Probe  
  55  5:03  Probe  
  56  5:07  Assimilator  
  56  5:08  Pylon  
  56  5:10  Probe  
  55  5:23  Probe  
  55  5:26  Stalker x3  
  55  5:27  Probe  
  63  5:32  Gateway  
  63  5:34  Gateway  
  63  5:35  Probe  
  64  5:38  Warp Prism (Chrono Boost)  
  64  5:41  Probe  
  65  5:47  Probe  
  56  5:59  Probe  
  56  6:00  Stalker x3  
  63  6:05  Assimilator  
  63  6:13  Pylon  
  63  6:16  Nexus  
  63  6:23  Stalker x3  
  69  6:27  Charge (Chrono Boost)  
  70  6:40  Probe x2  
  70  6:42  Pylon  
  70  6:44  Stalker x2  
  75  6:53  Stalker x2  
  77  6:55  Probe  
  77  7:00  Pylon, Probe  
  78  7:02  Zealot  
  78  7:07  Probe  
  79  7:12  Probe  
  79  7:14  Observer  
  80  7:17  Zealot x3  
  80  7:18  Zealot  
  80  7:19  Probe  
  89  7:24  Probe  
  90  7:31  Probe  
  85  7:47  Probe x2  
  85  7:48  Probe  
  84  7:52  Gateway x2, Zealot x5  
  84  7:55  Shield Battery  
  94  7:58  Forge  
  89  8:10  Probe  
  89  8:11  Probe  
  80  8:14  Observer  
  77  8:21  Zealot x5  
  77  8:23  Probe  
  88  8:29  Probe  
  88  8:31  Shield Battery  
  87  8:42  Protoss Ground Weapons Level 1 (Chrono Boost)  
  87  8:44  Probe  
  78  8:49  Warp Prism (Chrono Boost), Zealot x7  
  90  9:00  Probe  
  67  9:17  Stalker x6, Zealot  
  67  9:23  Robotics Bay  
  77  9:33  Assimilator  
  77  9:35  Photon Cannon  
  77  9:38  Pylon, Zealot  
  79  9:41  Zealot x6  
  91  10:05  Zealot x7  
  91  10:06  Assimilator  
  95  10:09  Colossus (Chrono Boost)  
  83  10:27  Extended Thermal Lance  
  83  10:28  Sentry, Templar Archives  
  83  10:29  Stalker x3, Sentry  
  83  10:32  Protoss Ground Weapons Level 2 (Chrono Boost)  
  93  10:40  Gateway  
  93  10:42  Pylon  
  91  10:46  Probe  
  91  10:47  Colossus (Chrono Boost)  
  90  10:52  Pylon  
  90  10:56  Observer  
  96  11:00  Zealot x6  
  108  11:13  High Templar  
  108  11:17  Shield Battery  
  110  11:20  Pylon  
  110  11:24  High Templar x3  
  110  11:25  Zealot x3  
  121  11:28  Colossus (Chrono Boost)  
  121  11:29  Archon  
  121  11:30  Archon  
  123  11:36  Probe x2  
  107  11:47  Stalker, Zealot x4  
  103  12:00  Probe x2  
  103  12:06  Nexus  
  103  12:08  Warp Prism (Chrono Boost)  
  103  12:10  High Templar x4  
  103  12:14  Archon x2  
  113  12:21  Stalker x2  
  113  12:22  High Templar x2  
  119  12:28  Archon  
  119  12:29  Photon Cannon  
  121  12:39  Probe  
  121  12:40  Probe  
  121  12:43  Protoss Ground Weapons Level 3 (Chrono Boost)  
  123  12:49  Adept  
  125  12:51  Zealot x4, Dark Shrine  
  125  12:56  Pylon  
  125  12:58  Pylon  
  133  13:14  Probe x2  
  129  13:26  Zealot x8  
  129  13:31  Colossus (Chrono Boost)  
  105  13:49  Zealot x8  
  105  13:55  Probe x2  
  115  13:58  Observer  
  115  13:59  Probe  
  115  14:01  Pylon  
  114  14:08  Gravitic Drive, Disruptor (Chrono Boost)  
  114  14:10  High Templar x4  
  114  14:12  Stalker, Sentry  
  114  14:13  Stalker  
  114  14:15  Archon x2  
  131  14:26  Dark Templar  
  131  14:30  Gateway  
  133  14:32  Gateway  
  133  14:36  Dark Templar  
  133  14:37  Stalker x2  
  139  14:43  Stalker x2, Dark Templar  
  145  14:48  Assimilator  
  139  15:01  Nexus  
  139  15:03  Zealot x4  
  141  15:09  Zealot x3  
  127  15:16  Zealot  
  107  15:28  Zealot x6  
  107  15:38  Stalker x4  
  111  15:52  Stalker x3  
  111  15:53  Stalker x2  
  111  15:54  Dark Templar  
Tags
 
Add a new tag
Caveats
  • Supply blocks, unpowered buildings, or Contaminate may cause inaccurate times.
  • Supply counts are checked every 10 seconds.